 Dungeon Crawl Stone Soup version 0.27-a0-1299-g1ab19c6527 (webtiles) character file.

Game seed: 8558376178864816349

111601 freelancePsychic the Eclecticist (level 16, -14/129 HPs)
             Began as a Mummy Conjurer on June 16, 2021.
             Was a High Priest of Ashenzari.
             Demolished by a wolf spider (20 damage)
             ... on level 4 of the Lair of Beasts on June 17, 2021.
             The game lasted 01:52:46 (37828 turns).

freelancePsychic the Eclecticist (Mummy Conjurer)  Turns: 37828, Time: 01:52:47

Health: -14/129    AC: 15    Str: 11    XL:     16   Next: 9%
Magic:  3/40       EV: 19    Int: 24    God:    Ashenzari [*****.]
Gold:   724        SH:  5    Dex: 13    Spells: 18/55 levels left

rFire    . . .     SeeInvis +   I - staff of earth (curse) {Self, Evo}
rCold    . . .     Faith    .   B - +0 buckler "Lashed With Me" {Melee, Alch} (curse)
rNeg     + + +     Spirit   .   g - +2 troll leather armour of Apeoromancy {Regen+, Elem, Bglg} (curse)
rPois    ∞         Reflect  .   l - +2 hat "Chained Oracle" {Range, Cun} (curse)
rElec    .         Harm     .   q - +1 cloak of Starlight {*Dazzle EV+4 Stlth--}
rCorr    .         Rampage  .   x - +0 pair of gloves "Shattered Asceticism" {Dex+3, Alch, Elem} (curse)
Will     ++...     Clarity  +   e - +2 pair of boots of Ashenzari's Omen {Elem, Comp} (curse)
Stlth    ..........             u - amulet "Sublime Yoke" {Acrobat, Elem, Evo} (curse)
HPRegen  1.31/turn              i - ring of Supernal Knowledge {Fly, Fort, Comp} (curse)
MPRegen  0.27/turn              z - ring of the Manifest Doubts {Fire, Bglg, Comp} (curse)

@: flying, studying Slings
A: cold resistance 1, negative energy resistance 3, torment resistance 2, heat
vulnerability 1, in touch with death 1, no potions
a: Renounce Religion, Curse Item, Shatter the Chains


You were on level 4 of the Lair of Beasts.
You worshipped Ashenzari.
Ashenzari was extremely pleased with you.
You visited 4 branches of the dungeon, and saw 24 of its levels.
You also visited: Sewer, Ossuary, Gauntlet and Volcano.

You collected 2187 gold pieces.
You spent 1463 gold pieces at shops.

Inventory:

Missiles
 b - 21 atropa-tipped darts
 o - 2 throwing nets
 w - a curare-tipped dart
Armour
 a - a +3 buckler of reflection
 e - the cursed +2 pair of boots of Ashenzari's Omen (worn) {Elem, Comp}
   (You found it on level 2 of the Dungeon)

   It has a curse which improves the following skills: Elements: Fire Magic, Ice
   Magic, Air Magic and Earth Magic.
   Companions: Summonings and Necromancy.
 g - the cursed +2 troll leather armour of Apeoromancy (worn) {Regen+, Elem, Bglg}
   (You found it on level 5 of the Dungeon)

   It increases your rate of health regeneration.
   It has a curse which improves the following skills: Elements: Fire Magic, Ice
   Magic, Air Magic and Earth Magic.
   Beguiling: Conjurations, Hexes and Translocations.
 h - +0 ice dragon scales
 l - the cursed +2 hat "Chained Oracle" (worn) {Range, Cun}
   (You found it in a sewer)

   It has a curse which improves the following skills: Ranged Combat: Slings,
   Bows, Crossbows and Throwing.
   Cunning:   Dodging and Stealth.
 q - the +1 cloak of Starlight (worn) {*Dazzle EV+4 Stlth--}
   (You found it in a Gauntlet)

   It affects your evasion (+4).
   It makes you much less stealthy.
 x - the cursed +0 pair of gloves "Shattered Asceticism" (worn) {Dex+3, Alch, Elem}
   (You found it on level 9 of the Dungeon)

   It affects your dexterity (+3).
   It has a curse which improves the following skills: Alchemy: Poison Magic and
   Transmutations.
   Elements:  Fire Magic, Ice Magic, Air Magic and Earth Magic.
 B - the cursed +0 buckler "Lashed With Me" (worn) {Melee, Alch}
   (You found it on level 11 of the Dungeon)

   It has a curse which improves the following skills: Melee Combat: Short
   Blades, Long Blades, Axes, Maces & Flails, Polearms, Staves and Unarmed
   Combat.
   Alchemy:   Poison Magic and Transmutations.
Magical Staves
 I - a cursed staff of earth (weapon) {Self, Evo}
Jewellery
 i - the cursed ring of Supernal Knowledge (left hand) {Fly, Fort, Comp}
   (You found it on level 4 of the Dungeon)

   [ring of flight]

   It grants you flight.
   It has a curse which improves the following skills: Fortitude: Armour and
   Shields.
   Companions: Summonings and Necromancy.
 u - the cursed amulet "Sublime Yoke" (around neck) {Acrobat, Elem, Evo}
   (You found it in an ossuary)

   [amulet of the acrobat]

   It increases your evasion while moving and waiting.
   It has a curse which improves the following skills: Elements: Fire Magic, Ice
   Magic, Air Magic and Earth Magic.
   Evocations: Evocations.
 z - the cursed ring of the Manifest Doubts (right hand) {Fire, Bglg, Comp}
   (You bought it in a shop on level 4 of the Dungeon)

   [ring of fire]

   It enhances your fire magic.
   It protects you from fire.
   It makes you vulnerable to cold.
   It has a curse which improves the following skills: Beguiling: Conjurations,
   Hexes and Translocations.
   Companions: Summonings and Necromancy.
 D - a ring of ice
 G - a ring of protection from cold
 H - a ring of ice
Wands
 p - a wand of mindburst (51)
 r - a wand of iceblast (18)
 y - a wand of acid (15)
 C - a wand of digging (11)
 E - a wand of polymorph (7)
 F - a wand of flame (26)
 J - a wand of paralysis (6)
Scrolls
 c - 9 scrolls of teleportation {@r4}
 d - 5 scrolls of magic mapping
 f - 4 scrolls of fog
 k - 5 scrolls of amnesia
 m - 8 scrolls of enchant weapon
 n - a scroll of silence
 s - 2 scrolls of torment
 v - 3 scrolls of enchant armour
Miscellaneous
 A - a condenser vane (inert)


   Skills:
 - Level 10.3(12.8) Fighting
 - Level 2.1(4.2) Polearms
 - Level 3.4(5.8) Armour
 + Level 7.2(9.9) Dodging
 - Level 1.5(3.3) Stealth
 - Level 2.1(4.1) Shields
 - Level 18.1(20.2) Spellcasting
 - Level 7.0(11.1) Conjurations
 - Level 14.7(18.2) Hexes
 - Level 0.8(3.3) Necromancy
 - Level 1.1(3.4) Transmutations
 - Level 5.0(11.0) Fire Magic
 - Level 5.0(11.0) Earth Magic


You had 18 spell levels left.
You knew the following spells:

 Your Spells              Type           Power      Damage    Failure   Level
a - Bolt of Magma         Conj/Fire/Erth 54%        4d22      1%          5
b - Searing Ray           Conj           100%       3d7       1%          2
c - Tukima's Dance        Hex            84%        N/A       0%          3
d - Iskenderun's Mystic   Conj/Tloc      51%        2d11      2%          4
e - Yara's Violent Unrav  Hex/Tmut       33%        3d14      1%          5
f - Discord               Hex            42%        N/A       9%          8
g - Slow                  Hex            84%        N/A       0%          2
h - Irradiate             Conj/Tmut      28%        3d23      3%          5
i - Magic Dart            Conj           100%       1d8       1%          1
j - Ensorcelled Hibernat  Hex/Ice        100%       N/A       1%          2

Your spell library contained the following spells:

 Spells                   Type           Power      Damage    Failure   Level
 Corona                   Hex            93%        N/A       0%          1
 Confusing Touch          Hex            84%        N/A       0%          3
 Cause Fear               Hex            42%        N/A       0%          4
 Animate Skeleton         Necr           100%       N/A       1%          1
 Foxfire                  Conj/Fire      100%       2x1d9     1%          1
 Freeze                   Ice            100%       1d11      1%          1
 Pain                     Necr           100%       1d9       1%          1
 Sandblast                Erth           100%       2d20      1%          1
 Summon Small Mammal      Summ           100%       N/A       1%          1
 Corpse Rot               Necr/Air       N/A        N/A       1%          2
 Dazzling Flash           Conj/Hex       100%       N/A       1%          3
 Inner Flame              Hex/Fire       96%        N/A       1%          3
 Mephitic Cloud           Conj/Pois/Air  44%        N/A       1%          3
 Portal Projectile        Hex/Tloc       100%       N/A       1%          3
 Stone Arrow              Conj/Erth      100%       3d13      1%          3
 Vampiric Draining        Necr           28%        2d10      1%          3
 Fulminant Prism          Conj/Hex       38%        3d18      1%          4
 Hailstorm                Conj/Ice       52%        3d12      1%          4
 Leda's Liquefaction      Hex/Erth       48%        N/A       1%          4
 Petrify                  Tmut/Erth      73%        N/A       1%          4
 Metabolic Englaciation   Hex/Ice        31%        N/A       1%          5
 Silence                  Hex/Air        31%        N/A       1%          5
 Summon Mana Viper        Hex/Summ       63%        N/A       1%          5
 Borgnjor's Vile Clutch   Necr/Erth      46%        N/A       3%          5
 Frozen Ramparts          Ice            58%        1d7       4%          3
 Ozocubu's Armour         Ice            29%        N/A       4%          3
 Gell's Gravitas          Tloc           13%        N/A       5%          3
 Animate Dead             Necr           28%        N/A       6%          4
 Agony                    Necr           57%        N/A       16%         5
 Olgreb's Toxic Radiance  Pois           27%        N/A       19%         4
 Passage of Golubria      Tloc           N/A        N/A       19%         4
 Alistair's Intoxication  Tmut/Pois      22%        N/A       28%         5
 Summon Forest            Summ/Tloc      13%        N/A       43%         5
 Manifold Assault         Tloc           27%        N/A       45%         5
 Death Channel            Necr           28%        N/A       65%         6
 Simulacrum               Ice/Necr       25%        N/A       82%         6
 Eringya's Noxious Bog    Tmut/Pois      17%        N/A       83%         6
 Dispersal                Tloc           13%        N/A       96%         6
 Summon Hydra             Summ           14%        N/A       100%        7
 Disjunction              Tloc           13%        N/A       100%        8
 Dragon's Call            Summ           14%        N/A       100%        9
 Blade Hands              Tmut           Unusable   N/A       N/A         5
 Statue Form              Tmut/Erth      Unusable   N/A       N/A         6
 Dragon Form              Tmut           Unusable   N/A       N/A         7
 Storm Form               Tmut/Air       Unusable   N/A       N/A         7

Dungeon Overview and Level Annotations

Branches:
Dungeon (15/15)            Temple (0/1) D:6            Lair (6/6) D:10
 Shoals (0/4) Lair:2       Spider (1/4) Lair:4        Slime (0/5) Lair:6
    Orc (2/2) D:11            Elf (0/3) Orc:2        Vaults (0/5) D:14
 Depths (0/5) D:15          Sewer (visited)         Ossuary (visited)
Volcano (visited)         Gauntlet (visited)

Altars:
Ashenzari
Fedhas
Gozag
Okawaru
Sif Muna
Trog
Xom
Zin
The Shining One
Beogh
Jiyva

Shops:
D:4 =   D:6 (   D:7 *   Orc:2 :[([

Annotations:
D:7 Harold
D:9 exclusions: 2 doors and 1 more exclusion
Lair:1 exclusion: oklob plant
Lair:6 2 runed translucent doors


Innate Abilities, Weirdness & Mutations

You are immune to poison.
Your flesh is cold resistant. (rC+)
You are immune to negative energy. (rN+++)
You are immune to unholy pain and torment.
You are vulnerable to heat. (rF-)
You are in touch with the powers of death.
You do not drink.


Message History

The jumping spider bites you but does no damage.
The jumping spider completely misses you.
The jumping spider bites you. The wolf spider hits you.
The wolf spider completely misses you.
You fly upwards.
Welcome back to the Lair of Beasts!
There is a hole to the Spider Nest here.
Okay, then.
Casting: Discord (dangerous; 9% risk of failure)
Confirm with . or Enter, or press ? or * to list all spells.
You erupt in a blast of force!
The mystic blast hits the wolf spider.
The wolf spider is severely wounded.
The wolf spider is knocked back by the mystic blast.
The wolf spider slams into the rock wall!
The mystic blast hits the jumping spider.
The jumping spider is lightly wounded.
The jumping spider is knocked back by the mystic blast.
The jumping spider slams into the rock wall!
The wolf spider hisses angrily.
The jumping spider pounces on you!
* * * LOW HITPOINT WARNING * * *
The jumping spider barely misses you. The wolf spider misses you.
The wolf spider closely misses you.
The jumping spider hisses angrily.
The jumping spider completely misses you.
You block the jumping spider's attack.
The wolf spider hits the jumping spider!!
The jumping spider dies!
Okay, then.
Clouds of noxious fumes condense around you!
The condenser dries out!
The wolf spider is engulfed in noxious fumes.
You block the wolf spider's attack. The wolf spider bites you.
* * * LOW HITPOINT WARNING * * *
The wolf spider is engulfed in noxious fumes.
The wolf spider hits you!!
* * * LOW HITPOINT WARNING * * *
The wolf spider barely misses you.
The wolf spider is engulfed in noxious fumes.
The wolf spider hits you!!
You die...

*#.......###...........#######
#.......###...........P####.#
##........###......P##...###..
#..........#.#...######.####..
#.........#####.########......
#.........#.#######.#...#.....
#.........#...####............
#.........#§§§^##.............
#.........#§s@^.##........#...
#.......>.##§§...#........#...
#.........###^..^##.......##..
#........†#.#^^...#.......#...
###......#†.###...##..........
##P.....##...##...##......(P.
#..!..###.{..##.........P###
##########.#..#......#######
########.......#########


You could see a neutral wolf spider (fast, strong, insane).

Vanquished Creatures
  Nessos (D:13)
  A deep elf high priest (D:14)
  5 boulder beetles
  A rakshasa (D:14)
  2 vault guards (D:14)
  4 catoblepae
  7 hydras
  6 centaur warriors
  5 two-headed ogres
  2 death knights
  2 deep troll earth magi (D:14)
  A vampire mage (D:15)
  4 death yaks
  A tengu warrior (D:15)
  A dancing weapon (D:14)
  An orc high priest (Orc:2)
  A deep elf knight (D:14)
  3 skeletal warriors
  3 flayed ghosts
  A spark wasp zombie (D:15)
  2 lindwurms
  2 phantasmal warriors
  2 necromancers
  2 orc knights
  A wolf spider (D:14)
  3 deep elf pyromancers
  An oklob plant (Lair:4)
  2 orc sorcerers (Orc:2)
  5 ugly things
  2 manticores
  An iron dragon skeleton (D:15)
  6 cyclopes
  Joseph (D:7)
  22 elephants
  8 black mambas
  3 cane toads
  3 molten gargoyles
  2 unseen horrors
  A kobold demonologist (D:12)
  3 demonic crawlers
  A freezing wraith (D:15)
  3 rime drakes
  An efreet (D:15)
  6 komodo dragons
  3 tengu conjurers
  2 jumping spiders
  7 trolls
  4 meliai
  2 polar bears
  2 spriggan zombies (D:15)
  A jumping spider (shapeshifter) (D:14)
  12 slime creatures
  10 blink frogs
  17 dream sheep
  A raiju (Gauntlet)
  2 meliai zombies
  8 flying skulls (Gauntlet)
  2 vampires
  3 redbacks (Spider:1)
  4 shadows
  5 wyverns
  2 wraiths
  4 fire bats (Volcano)
  A tarantella (Spider:1)
  5 basilisks
  49 yaks
  7 steam dragons
  13 vampire mosquitoes
  4 wargs
  A swamp worm (shapeshifter) (D:14)
  An acid dragon (D:9)
  14 water moccasins
  8 hell hounds
  23 orc warriors
  A sky beast (D:7)
  An ice beast (shapeshifter) (D:14)
  3 black bears
  An ice beast (D:6)
  3 wolves (Lair:1)
  17 centaurs
  4 ogres
  A necrophage (D:6)
  2 kobold brigands
  2 phantoms
  2 scorpions
  13 bullfrogs
  A wyvern zombie (D:8)
  12 killer bees
  An electric eel (D:15)
  3 wights (D:9)
  4 howler monkeys
  13 lava snakes
  4 centaur zombies
  A human zombie (D:8)
  2 jellies (D:6)
  2 bullfrog skeletons (D:6)
  10 hounds
  19 orc priests
  2 iguanas
  24 orc wizards
  3 yak simulacra (Lair:3)
  2 killer bee zombies (D:7)
  4 polar bear simulacra (Lair:3)
  2 wolf simulacra (Lair:3)
  7 ogre zombies (D:11)
  3 mummies (Ossuary)
  A howler monkey zombie (D:9)
  8 adders
  2 white imps
  An ufetubus (D:5)
  10 worms
  4 dart slugs
  80 orcs
  6 ball pythons
  10 endoplasms
  3 giant cockroaches
  4 goblins
  7 hobgoblins
  14 jackals
  23 kobolds
  8 quokkas
  14 bats
  4 frilled lizards
  2 goblin skeletons (D:11)
  3 goblin zombies
  4 hobgoblin zombies
  2 kobold zombies (Ossuary)
  2 orc skeletons (D:11)
  16 orc zombies (D:11)
  5 rats
  A rat zombie (D:8)
  2 river rat simulacra (Lair:3)
757 creatures vanquished.

Vanquished Creatures (collateral kills)
  An orc warlord (D:11)
  A dire elephant (Gauntlet)
  A minotaur (Gauntlet)
  4 two-headed ogres
  A centaur warrior (D:14)
  Urug (D:11)
  An orc knight (Orc:1)
  5 ugly things
  An orb spider (Spider:1)
  2 orc sorcerers
  A cyclops (D:13)
  An elephant (Gauntlet)
  A gargoyle (D:10)
  3 yaktaurs (D:15)
  A freezing wraith (D:12)
  5 jumping spiders
  A troll (Orc:2)
  5 slime creatures (D:13)
  A tarantella (Spider:1)
  9 redbacks (Spider:1)
  A warg (Orc:1)
  13 orc warriors
  8 centaurs
  2 ogres
  An electric eel (D:15)
  2 orc priests
  An orc wizard (D:11)
  An ogre zombie (D:11)
  3 orcs (Orc:2)
  2 orc zombies (D:11)
80 creatures vanquished.

Vanquished Creatures (others)
  A cyclops (D:15)
  2 dancing weapons
  3 redbacks (Spider:1)
  A yak (Lair:4)
  A basilisk (Lair:6)
  3 centaurs
  A killer bee (D:9)
  An orc (Orc:2)
  18 demonic plants (Gauntlet)
  76 fungi
  155 plants
  16 withered plants (D:15)
278 creatures vanquished.

Grand Total: 1115 creatures vanquished

Notes
Turn   | Place    | Note
-------+----------+-------------------------------------------
     0 | D:1      | freelancePsychic the Mummy Conjurer began the quest for the
                  | Orb.
     0 | D:1      | Reached XP level 1. HP: 13/13 MP: 4/4
   205 | D:1      | Reached skill level 3 in Spellcasting
   310 | D:1      | Reached XP level 2. HP: 19/19 MP: 4/6
   847 | D:1      | Learned a level 2 spell: Searing Ray
   982 | D:2      | Reached XP level 3. HP: 24/24 MP: 1/8
  1311 | D:2      | Reached skill level 4 in Spellcasting
  1840 | D:3      | Reached XP level 4. HP: 30/30 MP: 3/10
  1944 | D:3      | Noticed a steam dragon
  2221 | D:4      | Found a broken altar of Ashenzari.
  2229 | D:4      | Became a worshipper of Ashenzari the Shackled
  2823 | D:4      | Noticed an ogre
  2830 | D:4      | Killed an ogre
  2831 | D:4      | Reached skill level 5 in Spellcasting
  2831 | D:4      | Reached XP level 5. HP: 35/35 MP: 3/12
  2939 | D:4      | Noticed a black bear
  2949 | D:4      | Killed a black bear
  2950 | D:4      | Reached XP level 6. HP: 25/41 MP: 5/14
  3217 | D:4      | Reached skill level 6 in Spellcasting
  3217 | D:4      | Reached skill level 5 in Conjurations
  3627 | D:4      | Found Puenuarph's Jewellery Shop.
  3685 | D:4      | Reached skill level 7 in Spellcasting
  3685 | D:4      | Reached XP level 7. HP: 46/46 MP: 9/17
  3930 | D:5      | Entered Level 5 of the Dungeon
  4293 | D:5      | Reached * piety under Ashenzari
  4479 | D:5      | Noticed a troll
  4502 | D:5      | Killed a troll
  4503 | D:5      | Reached skill level 8 in Spellcasting
  4503 | D:5      | Reached XP level 8. HP: 40/52 MP: 12/20
  4605 | D:5      | Noticed a two-headed ogre
  5222 | D:6      | Reached ** piety under Ashenzari
  5339 | D:6      | Found a glowing drain.
  5345 | Sewer    | Entered a sewer
  6187 | D:6      | Reached skill level 9 in Spellcasting
  6434 | D:6      | Reached skill level 1 in Fighting
  6700 | D:6      | Found Kufillis's Antique Weapon Shop.
  6710 | D:6      | Bought an ichor-stained spear for 208 gold pieces
  6710 | D:6      | Identified the +6 spear "Peveohy" {pain, rElec Will- Str+4
                  | SInv} (You bought it in a shop on level 6 of the Dungeon)
  6797 | D:6      | Found a staircase to the Ecumenical Temple.
  6963 | D:7      | Noticed a two-headed ogre
  6972 | D:7      | Killed a two-headed ogre
  6973 | D:7      | Reached skill level 10 in Spellcasting
  6973 | D:7      | Reached XP level 9. HP: 48/65 MP: 11/23
  7192 | D:7      | Noticed Harold
  7568 | D:3      | Found a faded altar of an unknown god.
  7815 | D:3      | Reached *** piety under Ashenzari
  8166 | D:7      | Noticed Joseph
  8178 | D:7      | Killed Joseph
  8179 | D:7      | Reached skill level 5 in Fighting
  8179 | D:7      | Reached skill level 11 in Spellcasting
  8803 | D:7      | Found Umannob's General Store.
  8826 | D:8      | Found a sand-covered staircase.
  8844 | D:8      | Learned a level 4 spell: Iskenderun's Mystic Blast
  8850 | Ossuary  | Entered an ossuary
  9382 | D:8      | Noticed a two-headed ogre
  9392 | D:8      | Killed a two-headed ogre
  9393 | D:8      | Reached skill level 1 in Hexes
  9393 | D:8      | Reached XP level 10. HP: 67/77 MP: 15/25
  9397 | D:8      | Learned a level 3 spell: Tukima's Dance
  9540 | D:8      | Reached **** piety under Ashenzari
  9721 | D:8      | Reached skill level 12 in Spellcasting
 10304 | D:8      | Found a shimmering blue altar of Sif Muna.
 10310 | D:8      | Identified Sif Muna's Disquisition on Necromancy
 10501 | D:8      | Reached ***** piety under Ashenzari
 10517 | D:9      | Found a blossoming altar of Fedhas.
 10517 | D:9      | Identified the +3 ring mail of the Zebra {Will- Dex+3}
 10522 | D:9      | Noticed a boulder beetle
 10620 | D:9      | Found an iron altar of Okawaru.
 10952 | D:9      | Noticed a deep elf pyromancer
 10989 | D:9      | Noticed a two-headed ogre
 10992 | D:9      | Noticed a two-headed ogre
 11107 | D:9      | Reached skill level 13 in Spellcasting
 11245 | D:9      | Found an opulent altar of Gozag.
 11525 | D:9      | Noticed a two-headed ogre
 11536 | D:9      | Killed a two-headed ogre
 11665 | D:9      | Reached XP level 11. HP: 75/93 MP: 25/30
 11688 | D:9      | Identified the +0 pair of gloves of Zoylosch {Dex+3}
 11923 | D:9      | Killed a two-headed ogre
 11924 | D:9      | Killed a two-headed ogre
 12004 | D:10     | Entered Level 10 of the Dungeon
 12064 | D:10     | Reached skill level 5 in Hexes
 12069 | D:10     | Reached skill level 14 in Spellcasting
 12482 | D:10     | Found a staircase to the Lair.
 12491 | D:10     | Reached skill level 1 in Transmutations
 12623 | D:10     | Learned a level 5 spell: Yara's Violent Unravelling
 12660 | D:10     | Found a bloodstained altar of Trog.
 12790 | D:10     | Identified the +7 hand axe of Sisaryfedo {flame, Fragile
                  | rCorr Str+5 Stlth+}
 12859 | D:10     | Found a shimmering altar of Xom.
 13913 | D:4      | Bought a ring of fire for 350 gold pieces
 13957 | D:5      | Killed a two-headed ogre
 14329 | D:11     | Reached skill level 15 in Spellcasting
 14605 | D:11     | Noticed a boulder beetle
 14631 | D:11     | Killed a boulder beetle
 15104 | D:11     | Reached XP level 12. HP: 100/100 MP: 9/33
 15289 | D:11     | Found a staircase to the Orcish Mines.
 15293 | D:11     | Noticed Urug
 15381 | D:11     | Killed Urug
 15741 | Orc:1    | Entered Level 1 of the Orcish Mines
 15741 | Orc:1    | Noticed a two-headed ogre
 15741 | Orc:1    | Noticed an orc warlord
 15759 | D:11     | Killed an orc warlord
 16093 | Orc:1    | Killed a two-headed ogre
 16393 | Orc:2    | Entered Level 2 of the Orcish Mines
 16409 | Orc:2    | Found a dark tunnel.
 16414 | Orc:2    | Reached ****** piety under Ashenzari
 16420 | Volcano  | Entered a volcano
 16621 | Volcano  | Found a bloodstained altar of Trog.
 16626 | Volcano  | Noticed a fire dragon
 16700 | Volcano  | Learned a level 2 spell: Ensorcelled Hibernation
 16814 | Volcano  | Reached skill level 16 in Spellcasting
 17113 | Orc:2    | Found a staircase to the Elven Halls.
 17276 | Orc:2    | Found Ibuinar's Book Boutique.
 17548 | Orc:2    | Found Ygremp's Antique Armour Shoppe.
 17615 | Orc:2    | Reached skill level 1 in Armour
 18195 | Orc:2    | Noticed an orc high priest
 18201 | Orc:2    | Noticed an orc warlord
 18204 | Orc:2    | Killed an orc high priest
 19199 | Orc:2    | Found Kife's Antique Weapon Shoppe.
 19204 | Orc:2    | Found Raizeuj's Antique Armour Emporium.
 19485 | Orc:2    | Reached skill level 1 in Earth Magic
 19485 | Orc:2    | Gained mutation: You are in touch with the powers of death.
                  | [Mummy growth]
 19485 | Orc:2    | Reached XP level 13. HP: 71/109 MP: 16/36
 19672 | Orc:1    | Reached skill level 1 in Fire Magic
 19824 | Orc:1    | Reached skill level 17 in Spellcasting
 20399 | Lair:1   | Entered Level 1 of the Lair of Beasts
 20478 | Lair:1   | Learned a level 2 spell: Slow
 20778 | Lair:1   | Learned a level 5 spell: Irradiate
 21579 | Lair:2   | Found a staircase to the Shoals.
 23188 | Orc:2    | Bought the Catalogue of Earth and the Escort for 905 gold
                  | pieces
 23194 | Orc:2    | Learned a level 5 spell: Bolt of Magma
 24261 | Lair:4   | Found a hole to the Spider Nest.
 25105 | Lair:4   | Reached skill level 18 in Spellcasting
 25641 | Lair:4   | Reached skill level 5 in Fire Magic
 25641 | Lair:4   | Reached skill level 5 in Earth Magic
 25800 | Lair:5   | Reached XP level 14. HP: 116/116 MP: 19/38
 26178 | Lair:5   | Reached skill level 10 in Fighting
 27077 | Lair:6   | Entered Level 6 of the Lair of Beasts
 27401 | Lair:6   | Found a staircase to the Slime Pits.
 27402 | Lair:6   | Found a viscous altar of Jiyva.
 27440 | Lair:6   | Reached skill level 10 in Hexes
 29053 | Lair:6   | Found a large runed translucent door.
 29053 | Lair:6   | Found a large runed translucent door.
 29712 | Lair:6   | Learned a level 8 spell: Discord
 29910 | D:12     | Identified the +4 rapier of Zitzaur {drain, Dex+4}
 31302 | D:13     | Noticed Nessos
 31316 | D:13     | Killed Nessos
 31458 | D:13     | Reached XP level 15. HP: 122/122 MP: 14/39
 32232 | D:14     | Found a gate leading to a gauntlet.
 32243 | Gauntlet | Entered a Gauntlet
 32243 | Gauntlet | Found a transporter.
 32243 | Gauntlet | Found a transporter.
 32345 | Gauntlet | Found a transporter.
 32345 | Gauntlet | Found a transporter.
 32357 | Gauntlet | Identified the ring of Miesut {*Slow rPois rN+ Str+5 Int+6}
 32357 | Gauntlet | Found a transporter.
 32365 | Gauntlet | Found a transporter.
 32365 | Gauntlet | Found a transporter.
 32389 | Gauntlet | Found a transporter.
 32396 | Gauntlet | Found a transporter.
 32408 | Gauntlet | Found a transporter.
 32442 | Gauntlet | Found a transporter.
 32476 | Gauntlet | Found a transporter.
 32490 | Gauntlet | Found a transporter.
 32581 | Gauntlet | Found a transporter.
 32590 | Gauntlet | Found a transporter.
 32608 | Gauntlet | Found a transporter.
 33144 | Gauntlet | Identified the +3 plate armour of the Dwarven Hall {rElec
                  | Regen+ Dex+4 Slay+4}
 33149 | Gauntlet | Found the +1 cloak of Starlight {*Dazzle EV+4 Stlth--}
 33994 | D:14     | Identified the Volume of Poisoning
 34425 | D:14     | Found a gate to the Vaults.
 34636 | D:14     | Noticed a ghost moth
 34647 | D:14     | a ghost moth changed into an ice dragon
 35592 | D:15     | Entered Level 15 of the Dungeon
 36014 | D:15     | Found a staircase to the Depths.
 36025 | D:15     | Reached skill level 5 in Dodging
 36963 | D:15     | Reached XP level 16. HP: 129/129 MP: 7/40
 37655 | Spider:1 | Entered Level 1 of the Spider Nest
 37828 | Lair:4   | HP: 6/129 [wolf spider (29)]
 37828 | Lair:4   | Demolished by a wolf spider

Illustrated notes

Levels and vault maps discovered:
D:1:      sevenhm_arrival_forest_fort_large_2, layout_rooms
D:2:      layout_rooms
D:3:      minmay_diamond_boxcup, layout_rooms, basic_ecumenical_altar
D:4:      layout_basic, evilmike_ruin_ashenzari, serial_shops,
          nicolae_stop_n_shop_2
D:5:      kennysheep_big_flooded_room, layout_loops_corners, zin_scriptorium
D:6:      layout_loops_cross, minmay_temple_entry_nine_rooms,
          gup_sewer_entry_bubbles, serial_shops, shop
D:7:      layout_cave_pools, serial_shops, kennysheep_mini, serial_column_ruins,
          column_ruins_hut, column_ruins_square_medium, column_ruins_grid_1,
          column_ruins_open_tiny, column_ruins_open_tiny, column_ruins_grid_3,
          column_ruins_grid_1, uniq_harold, uniq_joseph
D:8:      layout_basic, led_sif_book, enter_ossuary_3
D:9:      layout_rooms, okawaru_gym_becter, fedhas_altar_1, lemuel_doored_altar,
          minmay_shattered_shrine
D:10:     layout_gridville, lightli_temple_of_fire,
          gammafunk_temple_overflow_pools, due_lair_maze_entry_diamond
D:11:     layout_stronghold, zombieorc2_lemuel, hex_tiny, uniq_urug
D:12:     layout_cave_pods
D:13:     layout_rooms, uniq_nessos
D:14:     minmay_tile_spiral, layout_irregular_city,
          lightli_vaults_fourway_checkpoint, gauntlet_entry_generic
D:15:     gammafunk_depths_entry_grave, layout_small_grid,
          ebering_dispersal_statue_hall, serial_bayou_lake_a
Lair:1:   beast_lair_carwin_large_3, layout_small_grid,
          minmay_lair_oklob_chamber, serial_bayou_shore_b
Lair:2:   layout_cave_pods, elwin_shoals_entry_rocks,
          infiniplex_staircase_pool_2
Lair:3:   layout_chaotic_city, eino_house_with_fridge
Lair:4:   nzn_winding_woodlands_small [nzn_winding_woodlands_5x15_longhouse,
          nzn_winding_woodlands_center_pierced_h,
          nzn_winding_woodlands_5x15_garden], layout_cave_pods,
          spider_nest_entry_funnel_web, minivault_25, fungi_pond_lemuel,
          nicolae_lair_yak_garden
Lair:5:   lemuel_slime, layout_regular_city, lemuel_fruit_tree
Lair:6:   cheibrodos_lair_end_hotspot, layout_hall_layers, slime_altar_1
Spider:1: layout_spider_delve, hangedman_spider_mandibles
Orc:1:    layout_caves, basic_altar
Orc:2:    grunt_orc_community_town_hall, layout_caves,
          grunt_orc_community_big_house_2, grunt_orc_community_big_house_1,
          grunt_orc_community_house_1, grunt_orc_community_house_2,
          grunt_orc_community_house_2, grunt_orc_community_house_3,
          enter_volcano_2, minmay_orc_keep

Skill      XL: |  1  2  3  4  5  6  7  8  9 10 11 12 13 14 15 16 |
---------------+-------------------------------------------------+-----
Spellcasting   | 3 4 5 7 8 10 11 13 15 16 18 | 18.1
Conjurations   | 4 5 6 7 |  7.0
Fighting       | 3 6 8 9 10 | 10.3
Polearms       | 2 |  2.1
Hexes          | 1 4 7 8 12 14 | 14.7
Transmutations | 1 |  1.1
Dodging        | 2 6 7 |  7.2
Shields        | 2 |  2.1
Armour         | 3 |  3.4
Earth Magic    | 1 5 |  5.0
Fire Magic     | 5 |  5.0
Stealth        | |  1.5
Necromancy     | |  0.8

Action                   |  1- 3 |  4- 6 |  7- 9 | 10-12 | 13-15 | 16-18 || total
-------------------------+-------+-------+-------+-------+-------+-------++-------
Melee: Unarmed           |    10 |       |       |       |       |       ||    10
       Spear             |       |       |    51 |       |       |       ||    51
       Whip              |       |       |    28 |    59 |   172 |       ||   259
       Staff             |       |       |       |       |    16 |     6 ||    22
Throw: Throwing net      |       |       |     1 |       |       |       ||     1
 Cast: Magic Dart        |    47 |    23 |    29 |    11 |       |       ||   110
       Searing Ray       |    15 |    26 |    81 |   217 |    39 |       ||   378
       Iskenderun's Myst |       |       |       |    76 |    22 |     6 ||   104
       Tukima's Dance    |       |       |       |    44 |     6 |       ||    50
       Yara's Violent Un |       |       |       |     9 |    11 |       ||    20
       Bolt of Magma     |       |       |       |       |   408 |    13 ||   421
       Irradiate         |       |       |       |       |    14 |       ||    14
       Slow              |       |       |       |       |     1 |       ||     1
       Discord           |       |       |       |       |    15 |     3 ||    18
Invok: Curse Item        |       |     1 |     4 |     6 |     1 |       ||    12
       Shatter the Chain |       |       |       |     1 |     2 |       ||     3
Evoke: Wand              |       |       |       |     1 |       |       ||     1
       Condenser vane    |       |       |       |       |     1 |     1 ||     2
  Use: Scroll            |       |       |     2 |     4 |    13 |       ||    19
 Stab: Distracted        |       |       |       |     2 |       |       ||     2
Armor: Robe              |     5 |    10 |     4 |       |       |       ||    19
       Ice dragon scales |       |    10 |       |       |       |       ||    10
       Troll leather arm |       |       |    76 |   131 |   174 |    13 ||   394
Dodge: Dodged            |    13 |    23 |    99 |   446 |   363 |    46 ||   990
Block: Buckler           |       |       |       |    41 |   117 |    11 ||   169

Table legend: (Time is in decaauts)
 A = Elapsed time spent in this place.
 B = Non-inter-level travel time spent in this place.
 C = Inter-level travel time spent in this place.
 D = Time resting spent in this place.
 E = Time spent auto-exploring this place.
 F = Levels seen in this place.
 G = Mean time per level.
                   A        B        C        D        E       F      G
               +--------+--------+--------+--------+--------+-----+--------+
         Total |  38039 |  35691 |   2348 |   4154 |  25191 |  28 | 1358.5 |
       Dungeon |  22024 |  20533 |   1491 |   2115 |  14910 |  15 | 1468.3 |
          Lair |   9584 |   8884 |    700 |    625 |   6934 |   6 | 1597.3 |
   Spider Nest |     19 |     19 |      0 |      0 |      0 |   1 |   19.0 |
  Orcish Mines |   3486 |   3330 |    156 |   1037 |   1567 |   2 | 1743.0 |
         Sewer |    869 |    869 |      0 |      0 |    763 |   1 |  869.0 |
       Ossuary |    525 |    525 |      0 |      0 |    454 |   1 |  525.0 |
       Volcano |    495 |    495 |      0 |    160 |     60 |   1 |  495.0 |
      Gauntlet |   1033 |   1033 |      0 |    217 |    503 |   1 | 1033.0 |
               +--------+--------+--------+--------+--------+-----+--------+

Top non-repeatable levels by time:
    D:11: 2988 daAuts
    D:14: 2468 daAuts
  Lair:4: 2427 daAuts
  Lair:6: 2423 daAuts
   Orc:2: 2345 daAuts
     D:4: 1842 daAuts
    D:15: 1742 daAuts
    D:10: 1727 daAuts
     D:8: 1592 daAuts
  Lair:5: 1487 daAuts
     D:6: 1459 daAuts
     D:5: 1404 daAuts
  Lair:1: 1245 daAuts
  Lair:3: 1212 daAuts
     D:9: 1147 daAuts
